 Dungeon Crawl Stone Soup version 0.31.0-12-g77e489cdc1 (webtiles) character file.

Game seed: 4537251980142460050

288722 12345 the Bludgeoner (level 20, -16/169 HPs)
             Began as a Human Gladiator on Mar 5, 2024.
             Was a Believer of Elyvilon.
             Demolished by a vault warden
             ... wielding a +0 battleaxe
              (43 damage)
             ... on level 2 of the Vaults.
             The game lasted 02:34:22 (46738 turns).

12345 the Bludgeoner (Human Gladiator)             Turns: 46738, Time: 02:34:22

Health: -16/169    AC: 31    Str: 22    XL:     20   Next: 70%
Magic:  29/33      EV: 13    Int: 13    God:    Elyvilon [**....]
Gold:   4383       SH:  0    Dex: 15    Spells: 19/19 levels left

rFire   + . .        a - +3 great mace (heavy)
rCold   . . .        (shield currently unavailable)
rNeg    + + +        v - +1 plate armour {rF+}
rPois   +            c - +1 helmet {Int+3}
rElec   +            Q - +2 cloak
rCorr   +            Y - +1 pair of gloves of Dice, Bag, and Bottle {rPois}
SInv    .            X - -1 pair of boots "Suhi" {Will++}
Will    ++++.        A - amulet of faith Stlth
                     w - ring of Abottibo {rN+ Will+ Slay+5}
HPRegen 0.48/turn    N - ring "Ygop" {rElec rN++ rCorr AC+4}
MPRegen 0.23/turn

%: faith
@: no status effects
A: explore regen
}: 2/15 runes: decaying, serpentine
a: Renounce Religion, Purification, Heal Other


You were on level 2 of the Vaults.
You worshipped Elyvilon.
Elyvilon was pleased with you.
You visited 7 branches of the dungeon, and saw 33 of its levels.
You also visited: Volcano.

You collected 5845 gold pieces.
You spent 1462 gold pieces at shops.

Inventory:

Hand Weapons
 a - a +3 heavy great mace (weapon)
 p - a +0 great mace of protection
 T - a +0 war axe of flaming
Missiles
 d - 5 throwing nets
 k - 57 poisoned darts (quivered)
 o - 5 darts of dispersal
 F - 8 curare-tipped darts
Armour
 c - a +1 helmet of intelligence (worn)
 q - +0 ice dragon scales
 v - a +1 plate armour of fire resistance (worn)
 Q - a +2 cloak (worn)
 X - the -1 pair of boots "Suhi" (worn) {Will++}
   (You found it on level 4 of the Swamp)

   Will++:    It greatly increases your willpower.
 Y - the +1 pair of gloves of Dice, Bag, and Bottle (worn) {rPois}
   (You acquired it on level 5 of the Lair of Beasts)

   rPois:     It protects you from poison
Jewellery
 n - the ring "Rehuini" {Slay+2 SInv}
   (You bought it in a shop on level 14 of the Dungeon)

   [ring of see invisible]

   Slay+2:    It affects your accuracy & damage with ranged weapons and melee
   (+2).
   SInv:      It lets you see invisible.
 u - a ring of protection from fire
 w - the ring of Abottibo (left hand) {rN+ Will+ Slay+5}
   (You took it off a kobold on level 3 of the Dungeon)

   [ring of positive energy]

   Slay+5:    It affects your accuracy & damage with ranged weapons and melee
   (+5).
   rN+:       It protects you from negative energy.
   Will+:     It increases your willpower.
 A - an amulet of faith (around neck)
 H - a ring of resist corrosion
 N - the ring "Ygop" (right hand) {rElec rN++ rCorr AC+4}
   (You found it on level 4 of the Swamp)

   [ring of protection]

   AC+4:      It affects your AC (+4).
   rElec:     It insulates you from electricity.
   rN++:      It greatly protects you from negative energy.
   rCorr:     It protects you from acid and corrosion.
 R - a ring of protection from cold
Wands
 L - a wand of charming (31)
 M - a wand of flame (31)
 P - a wand of light (23)
 W - a wand of roots (13)
 Z - a wand of polymorph (14)
Scrolls
 b - a scroll of brand weapon
 h - 6 scrolls of blinking
 j - 10 scrolls of teleportation
 l - 3 scrolls of fear
 s - 5 scrolls of revelation
 y - 8 scrolls of fog
 D - a scroll of immolation
 J - a scroll of summoning
 K - 4 scrolls of vulnerability
 O - 7 scrolls of poison
 V - a scroll of silence
Potions
 e - a potion of magic
 f - 5 potions of brilliance
 g - 2 potions of curing
 i - 4 potions of enlightenment
 m - 4 potions of lignification
 r - 3 potions of resistance
 t - 2 potions of berserk rage
 z - a potion of cancellation
 B - 3 potions of might
 C - 6 potions of heal wounds
 E - 5 potions of haste
 I - 2 potions of attraction
 S - 2 potions of ambrosia
 U - 3 potions of invisibility
Miscellaneous
 x - a phantom mirror
 G - a phial of floods


   Skills:
 + Level 17.6 Fighting
 * Level 19.9 Maces & Flails
 - Level 2.0 Throwing
 - Level 15.1 Armour
 - Level 14.5 Dodging
 + Level 18.2 Invocations


You had 19 spell levels left.
You didn't know any spells.
Your spell library contained the following spells:

 Spells                   Type           Power      Damage    Failure   Level
 Apportation              Tloc           0%         N/A       96%         1
 Kiss of Death            Conj/Necr      0%         2d5       96%         1
 Magic Dart               Conj           0%         1d3       96%         1
 Necrotise                Necr           0%         1d4       96%         1
 Blink                    Tloc           0%         N/A       99%         2
 Call Imp                 Summ           0%         N/A       99%         2
 Jinxbite                 Hex            0%         N/A       99%         2
 Lesser Beckoning         Tloc           0%         N/A       99%         2
 Searing Ray              Conj           0%         2d4       99%         2
 Sublimation of Blood     Necr           0%         N/A       99%         2
 Confusing Touch          Hex            0%         N/A       100%        3
 Dazzling Flash           Conj/Hex       0%         N/A       100%        3
 Gell's Gravitas          Tloc           0%         N/A       100%        3
 Inner Flame              Hex/Fire       0%         N/A       100%        3
 Mephitic Cloud           Conj/Alch/Air  0%         N/A       100%        3
 Sigil of Binding         Hex            0%         N/A       100%        3
 Summon Ice Beast         Ice/Summ       0%         N/A       100%        3
 Teleport Other           Tloc           0%         N/A       100%        3
 Tukima's Dance           Hex            0%         N/A       100%        3
 Volatile Blastmotes      Fire/Tloc      0%         2d10      100%        3
 Dimensional Bullseye     Hex/Tloc       0%         N/A       100%        4
 Dispel Undead            Necr           0%         3d6       100%        4
 Fulminant Prism          Conj/Alch      0%         3d5       100%        4
 Iskenderun's Mystic Bla  Conj/Tloc      0%         2d3       100%        4
 Martyr's Knell           Necr/Summ      0%         N/A       100%        4
 Petrify                  Alch/Erth      0%         N/A       100%        4
 Alistair's Intoxication  Alch           0%         N/A       100%        5
 Curse of Agony           Necr           0%         N/A       100%        5
 Irradiate                Conj/Alch      0%         3d11      100%        5
 Silence                  Hex/Air        0%         N/A       100%        5
 Summon Mana Viper        Hex/Summ       0%         N/A       100%        5
 Yara's Violent Unravell  Hex/Alch       0%         3d3       100%        5
 Malign Gateway           Summ/Tloc      0%         N/A       100%        7
 Monstrous Menagerie      Summ           0%         N/A       100%        7
 Orb of Destruction       Conj           0%         9d5       100%        7
 Ignition                 Fire           0%         3d3       100%        8


Dungeon Overview and Level Annotations

Branches:
Dungeon (15/15)            Temple (1/1) D:5            Lair (5/5) D:10
  Swamp (4/4) Lair:3        Snake (4/4) Lair:3        Slime (0/5) Lair:5
    Orc (2/2) D:11            Elf (0/3) Orc:2        Vaults (2/5) D:13
 Depths (0/4) D:15        Volcano (visited)
  Crypt: Vaults:2-3

Altars:
Ashenzari
Cheibriados
Dithmenos
Elyvilon
Fedhas
Gozag
Hepliaklqana
Kikubaaqudgha
Makhleb
Nemelex Xobeh
Okawaru
Qazlal
Ru
Sif Muna
Trog
Uskayaw
Vehumet
Wu Jian
Xom
Yredelemnul
Zin
The Shining One
Jiyva

Shops:
D:5 [*==*   D:7 (   D:8 *   D:9 (   D:14 =   Orc:2 :[*(   Snake:3 ((?
Vaults:1 (

Annotations:
D:11 exclusion: orange crystal statue
D:14 3 runed translucent doors, Gabide's ghost, journeyman DgFi
Lair:2 2 transporters, kalagan's ghost, journeyman DECj
Swamp:2 2 transporters, Roed Mon's ghost, adept GrEE


Innate Abilities, Weirdness & Mutations

You regain HP and MP as you explore.


Message History

The vault warden hits your vault sentinel with a +0 battleaxe!
Your vault sentinel barely misses the vault warden.
Unknown command.
Unknown command.
Unknown command.
You bludgeon the vault warden!!
The vault warden is almost dead.
An ironbound thunderhulk comes into view.
It is wielding a +0 dire flail.
The ironbound convoker hits you but does no damage.
The ironbound frostheart touches you!!
* * * LOW HITPOINT WARNING * * *
The ironbound frostheart freezes you!!
* * * LOW HITPOINT WARNING * * *
The vault warden completely misses you.
The vault warden hits your vault sentinel with a +0 battleaxe!
Your vault sentinel dies!
Your vault sentinel's corpse dissolves into shadows!
Unknown command.
Unknown command.
You are healed.
The ironbound convoker hits you but does no damage.
The ironbound frostheart touches you!!
* * * LOW HITPOINT WARNING * * *
The ironbound frostheart freezes you! Elyvilon protects you from harm!
The vault warden hits you but does no damage.
Unknown command.
You are healed.
You can no longer provide healing for yourself.
Electricity crackles from the ironbound thunderhulk's apparatus.
The bolt of lightning hits you. You resist.
* * * LOW HITPOINT WARNING * * *
The ironbound convoker gestures at the ironbound thunderhulk while chanting.
The ironbound thunderhulk seems to grow stronger.
The ironbound frostheart touches you.
* * * LOW HITPOINT WARNING * * *
The ironbound frostheart freezes you!!
* * * LOW HITPOINT WARNING * * *
The vault warden hits you with a +0 battleaxe!!!
You die...

***#.....* *,,*,, * #.....*
****** * #.....* * #.....* *
#.....* *
#.....######################## *
#..........)$................. *
#.....$....)pp................ *
#..$...O....p@................
***#.......$....)...:............
,,,+.............................
,,,##############################
,,,* *,,,,* ,,,* *,,,,+ **,*
*,,,,* ,,,* *,,,** ,,** **+**,


You could see a vault warden (strong), an ironbound thunderhulk (strong), an
ironbound frostheart (strong) and an ironbound convoker.

Vanquished Creatures
  Mara (Swamp:3)
  Vashnia (Snake:4)
  Saint Roka (Snake:2)
  Nikola (Snake:3)
  A tentacled monstrosity (Swamp:1)
  The ghost of vatarom the Stickfighter, an adept FoFi of Qazlal (Swamp:4)
  Agnes (Snake:1)
  A thorn hunter (Swamp:4)
  Aizul (Snake:4)
  Roxanne (Snake:3)
  16 nagarajas
  5 vault wardens (Vaults:1)
  An orc warlord (Orc:2)
  2 ironbound thunderhulks
  3 ghouls (Swamp:3)
  6 ironbound preservers
  5 stone giants (Volcano)
  5 eleionomae
  9 dire elephants
  5 bunyips
  A war gargoyle (D:13)
  Snorg (Orc:2)
  A fire dragon (D:13)
  2 great orbs of eyes
  3 yaktaur captains (Vaults:1)
  A rakshasa (D:13)
  13 hydras
  A catoblepas (Lair:5)
  2 vault guards (Vaults:1)
  2 ice dragons
  3 salamander tyrants
  14 centaur warriors
  21 alligators
  3 ghost crabs
  2 ogre magi
  3 ironbound frosthearts (Vaults:1)
  5 anacondas
  Erica (Lair:1)
  12 naga warriors
  3 two-headed ogres
  5 boulder beetles
  4 tengu warriors
  A hell hog (Lair:5)
  2 death knights (D:13)
  17 naga sharpshooters
  11 shock serpents
  13 spriggans
  4 salamander mystics
  A skeletal warrior (D:13)
  17 deep trolls
  8 spriggan druids
  A goliath frog (Swamp:3)
  3 arcanists
  A glowing orange brain (shapeshifter) (Vaults:1)
  11 naga ritualists
  15 mana vipers
  6 lindwurms
  A deep elf archer (D:13)
  9 swamp dragons
  A phantasmal warrior (Vaults:1)
  9 bog bodies
  A necromancer (D:13)
  6 ironbound convokers
  9 orc knights
  A stone giant zombie (Vaults:1)
  15 ugly things
  8 deep elf pyromancers
  An oklob plant (Lair:2)
  3 orc sorcerers
  4 will-o-the-wisps
  18 salamanders
  A manticore (D:13)
  7 cyclopes
  44 black mambas
  13 elephants
  A moth of wrath (Swamp:3)
  6 guardian serpents
  Joseph (D:10)
  7 spectral spriggans (Swamp:3)
  6 kobold blastminers
  15 naga magi
  7 vault sentinels
  5 gargoyles
  An unseen horror (D:13)
  8 cane toads
  6 torpor snails (Lair:5)
  2 rime drakes
  9 yaktaurs
  3 efreet
  3 komodo dragons
  A tengu conjurer (D:13)
  Psyche (D:8)
  13 trolls
  A bloated husk (Swamp:2)
  11 polar bears
  A tengu simulacrum (Vaults:1)
  Prince Ribbit (D:6)
  4 raiju (Lair:5)
  12 tyrant leeches
  16 hornets
  A blink frog (shapeshifter) (D:13)
  12 blink frogs
  16 slime creatures
  2 centaur simulacra
  3 shadows
  3 wraiths
  7 wyverns
  29 yaks
  A water elemental (D:14)
  5 vampires
  15 humans
  12 wargs
  5 basilisks
  A steam dragon (D:10)
  5 fire elementals (Volcano)
  23 vampire mosquitoes
  Menkaure (D:7)
  41 nagas
  11 swamp worms
  3 acid dragons
  11 hell hounds (Lair:5)
  23 water moccasins
  11 swamp drakes
  11 black bears (Lair:5)
  27 orc warriors
  6 laughing skulls
  A deep troll simulacrum (Vaults:1)
  A sky beast (D:7)
  12 ogres
  8 centaurs
  23 wolves
  2 phantoms
  3 kobold brigands
  2 human zombies (Vaults:1)
  8 bullfrogs
  A scorpion (D:6)
  3 gnoll sergeants
  4 earth elementals (Volcano)
  4 wights
  4 killer bees (D:9)
  4 electric eels
  2 howler monkeys
  2 bombardier beetles (D:5)
  7 hounds
  3 jellies
  A gnoll bouda (D:5)
  6 orc priests
  2 sleepcaps
  Natasha (thrice) (D:1)
  5 iguanas
  19 orc wizards
  18 gnolls
  4 adders
  A shadow imp (D:6)
  3 white imps
  2 ufetubi (D:5)
  A dart slug (D:1)
  A ribbon worm (shapeshifter) (D:15)
  70 orcs
  7 bats
  2 endoplasms
  4 giant cockroaches
  4 hobgoblins
  15 kobolds
  4 quokkas
  7 ball pythons
  6 frilled lizards
  7 goblins
  6 rats
1150 creatures vanquished.

Vanquished Creatures (collateral kills)
  A vault guard (Vaults:2)
1 creature vanquished.

Vanquished Creatures (others)
  A nagaraja (Snake:4)
  An eleionoma (Swamp:2)
  A bunyip (Swamp:4)
  A skyshark (Lair:3)
  A will-o-the-wisp (Swamp:4)
  A salamander (D:15)
  A black mamba (Lair:3)
  A komodo dragon (Lair:3)
  5 bloated husks
  A tyrant leech (Lair:3)
  4 hornets
  6 yaks (Lair:3)
  4 spriggans
  2 slime creatures (D:15)
  A naga (Snake:2)
  A swamp worm (Swamp:2)
  A wolf (Lair:5)
  2 orc wizards (Orc:2)
  An orc (Orc:1)
  22 foxfires
58 creatures vanquished.

Grand Total: 1209 creatures vanquished

Notes
Turn   | Place    | Note
-------+----------+-------------------------------------------
     0 | D:1      | 12345 the Human Gladiator began the quest for the Orb.
     0 | D:1      | Reached XP level 1. HP: 16/16 MP: 1/1
    59 | D:1      | Reached XP level 2. HP: 22/22 MP: 2/2
   140 | D:1      | Found a faded altar of an unknown god.
   466 | D:1      | Reached XP level 3. HP: 28/28 MP: 3/3
   948 | D:2      | Noticed Natasha
  1033 | D:2      | Reached skill level 1 in Armour
  1115 | D:1      | Killed Natasha
  1116 | D:1      | Reached XP level 4. HP: 18/34 MP: 4/4
  1168 | D:1      | Noticed Natasha
  1175 | D:1      | Killed Natasha
  1380 | D:1      | Noticed Natasha
  1392 | D:1      | Killed Natasha
  1604 | D:2      | Got the Volume of the Tundra and Jinxing
  1863 | D:3      | Found an opulent altar of Gozag.
  1946 | D:3      | Reached XP level 5. HP: 40/41 MP: 5/5
  1976 | D:3      | Reached skill level 4 in Maces & Flails
  2155 | D:3      | Found a white marble altar of Elyvilon.
  2162 | D:3      | Became a worshipper of Elyvilon the Healer
  2467 | D:3      | Identified the ring of Abottibo {rN+ Will+ Slay+5}
  2578 | D:3      | Found an iron altar of Okawaru.
  2637 | D:4      | Reached * piety under Elyvilon
  2645 | D:4      | Noticed a phantom
  2657 | D:4      | Killed a phantom
  2658 | D:4      | Reached skill level 1 in Invocations
  2658 | D:4      | Reached XP level 6. HP: 43/47 MP: 6/6
  3506 | D:5      | Entered Level 5 of the Dungeon
  3755 | D:5      | Reached skill level 5 in Maces & Flails
  3755 | D:5      | Reached XP level 7. HP: 47/53 MP: 8/8
  3812 | D:5      | Found a staircase to the Ecumenical Temple.
  3833 | Temple   | Entered the Ecumenical Temple
  3886 | D:5      | Found Rext's Jewellery Emporium.
  3977 | D:5      | Found Qiajocam's Armour Shoppe.
  3991 | D:5      | Found Irydoud's Jewellery Emporium.
  3991 | D:5      | Reached ** piety under Elyvilon
  4088 | D:5      | Found Yskaet's General Store.
  4096 | D:5      | Bought a potion of enlightenment for 60 gold pieces
  4096 | D:5      | Bought a potion of might for 48 gold pieces
  4096 | D:5      | Bought a scroll of fog for 48 gold pieces
  4096 | D:5      | Bought a potion of heal wounds for 60 gold pieces
  4290 | D:5      | Found Tashranou's General Store.
  4520 | D:6      | Noticed Prince Ribbit
  4597 | D:5      | Reached XP level 8. HP: 46/61 MP: 10/10
  4667 | D:6      | Killed Prince Ribbit
  4668 | D:6      | Reached skill level 6 in Maces & Flails
  4909 | D:6      | Reached skill level 5 in Fighting
  5083 | D:5      | Reached skill level 5 in Dodging
  5342 | D:6      | Reached skill level 7 in Maces & Flails
  5352 | D:6      | Reached XP level 9. HP: 53/68 MP: 10/12
  5780 | D:7      | Reached *** piety under Elyvilon
  5790 | D:7      | Found a broken altar of Ashenzari.
  5836 | D:7      | Found Javvemp's Antique Weapon Emporium.
  6271 | D:7      | Noticed Menkaure
  6282 | D:7      | Killed Menkaure
  6457 | D:7      | Reached skill level 5 in Armour
  6489 | D:7      | Found a snail-covered altar of Cheibriados.
  6895 | D:7      | Reached skill level 8 in Maces & Flails
  7002 | D:8      | Reached **** piety under Elyvilon
  7030 | D:8      | Reached skill level 5 in Invocations
  7093 | D:8      | Noticed Psyche
  7112 | D:8      | Killed Psyche
  7173 | D:8      | Found a glowing silver altar of Zin.
  7180 | D:8      | Found a hazy altar of Hepliaklqana.
  7479 | D:8      | Found a sacrificial altar of Ru.
  7648 | D:8      | Found Jomorris's Assorted Antiques.
  7731 | D:9      | Found Ganket's Antique Weapon Boutique.
  7816 | D:9      | Noticed a hornet
  7825 | D:9      | Killed a hornet
  8031 | D:9      | Found a sparkling altar of Nemelex Xobeh.
  8063 | D:9      | Reached XP level 10. HP: 77/77 MP: 14/14
  8093 | D:9      | Found a burning altar of Makhleb.
  8096 | D:9      | Found a radiant altar of Vehumet.
  8102 | D:9      | Found an ancient bone altar of Kikubaaqudgha.
  8105 | D:9      | Found a glowing golden altar of the Shining One.
  8118 | D:9      | Reached ***** piety under Elyvilon
  8411 | D:10     | Entered Level 10 of the Dungeon
  8452 | D:9      | Reached skill level 9 in Maces & Flails
  8835 | D:10     | Found a staircase to the Lair.
  9225 | D:10     | Noticed Joseph
  9235 | D:10     | Killed Joseph
  9236 | D:10     | Reached skill level 10 in Maces & Flails
  9236 | D:10     | Reached XP level 11. HP: 41/84 MP: 14/16
  9663 | D:11     | Identified the +9 trident of Entrepreneurial Spirit {elec,
                  | rC+ Will+ Int+3}
  9825 | D:11     | Noticed an orange crystal statue
  9843 | D:11     | Noticed a cyan ugly thing
  9865 | D:11     | Killed a cyan ugly thing
 10283 | D:11     | Found a staircase to the Orcish Mines.
 10682 | D:12     | Reached skill level 11 in Maces & Flails
 10817 | D:12     | Noticed a deep elf pyromancer
 10828 | D:12     | Killed a deep elf pyromancer
 11076 | Lair:1   | Entered Level 1 of the Lair of Beasts
 11240 | Lair:1   | Noticed Erica
 11254 | Lair:1   | Killed Erica
 11291 | Lair:1   | Reached XP level 12. HP: 59/94 MP: 18/18
 12487 | Lair:2   | Found a blossoming altar of Fedhas.
 12593 | Lair:2   | Reached skill level 12 in Maces & Flails
 12988 | Lair:2   | Found a transporter.
 12993 | Lair:2   | Found a transporter.
 12993 | Lair:2   | Noticed kalagan's ghost (journeyman DECj)
 13246 | Lair:3   | Reached skill level 10 in Fighting
 13307 | Lair:3   | Noticed a skyshark
 13313 | Lair:3   | Pacified a skyshark
 13357 | Lair:3   | Killed a skyshark
 13525 | Lair:3   | Found a staircase to the Snake Pit.
 13650 | Lair:3   | Reached XP level 13. HP: 104/104 MP: 19/19
 14006 | Lair:3   | Reached ****** piety under Elyvilon
 14046 | Lair:3   | Reached skill level 13 in Maces & Flails
 14264 | Lair:3   | Found a staircase to the Swamp.
 15198 | Lair:5   | Entered Level 5 of the Lair of Beasts
 15330 | Lair:5   | Identified a scroll of acquirement
 15336 | Lair:5   | Found a viscous altar of Jiyva.
 15337 | Lair:5   | Found a staircase to the Slime Pits.
 15991 | Lair:5   | Reached skill level 10 in Invocations
 16301 | Lair:5   | Noticed a dire elephant
 16327 | Lair:5   | Killed a dire elephant
 16374 | Lair:5   | Reached XP level 14. HP: 72/138 MP: 25/25
 16541 | Lair:5   | Reached skill level 14 in Maces & Flails
 17238 | Lair:5   | Got the Precepts of Posthumous Curses
 17374 | Lair:5   | Reached skill level 10 in Armour
 18600 | Lair:5   | Identified the serpent talisman of Salacs {Int+2}
 18893 | D:7      | Bought a glowing great mace for 294 gold pieces
 19016 | D:13     | Found a gate to the Vaults.
 20697 | D:13     | Reached skill level 15 in Maces & Flails
 20751 | D:13     | Reached skill level 10 in Dodging
 20765 | D:13     | Reached XP level 15. HP: 62/124 MP: 23/23
 21951 | D:14     | Found Pueghiny's Jewellery Boutique.
 21978 | D:14     | You fall into a shaft and drop 1 floor!
 21978 | D:15     | Entered Level 15 of the Dungeon
 21985 | D:15     | Found a staircase to the Depths.
 22429 | D:14     | Found a sacrificial altar of Ru.
 22457 | D:14     | Found a runed translucent gate.
 22457 | D:14     | Found a runed translucent gate.
 22457 | D:14     | Found a runed translucent gate.
 22461 | D:14     | Noticed Gabide's ghost (journeyman DgFi)
 24081 | Orc:1    | Entered Level 1 of the Orcish Mines
 24125 | Orc:1    | Reached skill level 16 in Maces & Flails
 24250 | Orc:2    | Entered Level 2 of the Orcish Mines
 24250 | Orc:2    | Found a staircase to the Elven Halls.
 24254 | Orc:2    | Found Deleuj's Antique Weapon Boutique.
 24369 | Orc:1    | Reached XP level 16. HP: 87/133 MP: 25/25
 24405 | Orc:1    | Found a dark tunnel.
 24424 | Volcano  | Entered a volcano
 24443 | Volcano  | Found a large runed translucent door.
 24451 | Volcano  | Found a large runed translucent door.
 24471 | Volcano  | Found a large runed translucent door.
 24471 | Volcano  | Found a large runed translucent door.
 24472 | Volcano  | Found a large runed translucent door.
 24472 | Volcano  | Found a large runed translucent door.
 24472 | Volcano  | Found a large runed translucent door.
 24478 | Volcano  | Found a large runed translucent door.
 24519 | Volcano  | Found a large runed translucent door.
 24519 | Volcano  | Found a large runed translucent door.
 24528 | Volcano  | Found a large runed translucent door.
 24528 | Volcano  | Found a large runed translucent door.
 24583 | Volcano  | Found a large runed translucent door.
 24583 | Volcano  | Found a large runed translucent door.
 24593 | Volcano  | Found a large runed translucent door.
 24593 | Volcano  | Found a large runed translucent door.
 24699 | Volcano  | Found a large runed translucent door.
 24699 | Volcano  | Found a large runed translucent door.
 25525 | Orc:2    | Found Letigid's Book Emporium.
 26290 | Orc:2    | Found Nefoppem's Antique Armour Shop.
 26431 | Orc:2    | Found Pief's General Store.
 26444 | Orc:2    | Noticed Snorg
 26454 | Orc:2    | Killed Snorg
 26663 | Orc:2    | Acquired the +1 pair of gloves of Dice, Bag, and Bottle
                  | {rPois}
 26694 | Orc:2    | Bought a pair of runed gloves for 247 gold pieces
 26863 | D:14     | Bought the ring "Rehuini" {Slay+2 SInv} for 425 gold pieces
 27054 | Swamp:1  | Entered Level 1 of the Swamp
 27099 | Swamp:1  | Noticed a tentacled monstrosity
 27110 | Swamp:1  | Killed a tentacled monstrosity
 28239 | Swamp:2  | Found a transporter.
 28242 | Swamp:2  | Found a transporter.
 28247 | Swamp:2  | Found a bloodstained altar of Trog.
 28248 | Swamp:2  | Noticed Roed Mon's ghost (adept GrEE)
 28433 | Swamp:2  | Reached skill level 17 in Maces & Flails
 28534 | Swamp:2  | Reached XP level 17. HP: 124/140 MP: 27/27
 28689 | Swamp:3  | Noticed Mara
 29223 | Swamp:3  | Noticed 12345's illusion
 29393 | Swamp:2  | Reached skill level 15 in Fighting
 29615 | Swamp:2  | Noticed 12345's illusion
 29831 | Swamp:3  | Noticed 12345's illusion
 29838 | Swamp:2  | Noticed 12345's illusion
 29860 | Swamp:3  | Noticed 12345's illusion
 30011 | Swamp:3  | Noticed 12345's illusion
 30035 | Swamp:2  | Noticed 12345's illusion
 30040 | Swamp:3  | Noticed 12345's illusion
 30146 | Swamp:3  | Noticed 12345's illusion
 30150 | Swamp:2  | Noticed 12345's illusion
 30163 | Swamp:3  | Noticed 12345's illusion
 30168 | Swamp:2  | Noticed 12345's illusion
 30173 | Swamp:3  | Noticed 12345's illusion
 30173 | Swamp:3  | Killed Mara
 30766 | Swamp:4  | Entered Level 4 of the Swamp
 30766 | Swamp:4  | Found a transporter.
 30774 | Swamp:4  | Noticed vatarom's ghost (adept FoFi)
 30813 | Swamp:4  | Found a transporter.
 31829 | Swamp:4  | Reached skill level 15 in Invocations
 32398 | Swamp:4  | Reached skill level 18 in Maces & Flails
 32409 | Swamp:4  | Reached XP level 18. HP: 104/149 MP: 29/29
 32882 | Swamp:4  | Got a decaying rune of Zot
 33245 | Swamp:4  | Killed vatarom's ghost
 33269 | Swamp:4  | Identified the ring "Ygop" {rElec rN++ rCorr AC+4}
 33276 | Swamp:4  | Identified the -1 pair of boots "Suhi" {Will++}
 33283 | Swamp:4  | Got The Last Compilation of Prospero
 33461 | Snake:1  | Entered Level 1 of the Snake Pit
 33791 | Snake:1  | Noticed Agnes
 33823 | Snake:1  | Killed Agnes
 35206 | Snake:3  | Noticed Roxanne
 35321 | Snake:2  | Found a basalt altar of Yredelemnul.
 35934 | Snake:3  | Noticed Saint Roka
 36380 | Snake:3  | Found Giej's Magic Scroll Emporium.
 36380 | Snake:3  | Found Gexoock's Antique Weapon Shoppe.
 36415 | Snake:3  | Bought a scroll of teleportation for 51 gold pieces
 36415 | Snake:3  | Bought a scroll of teleportation for 51 gold pieces
 36415 | Snake:3  | Bought a scroll of teleportation for 51 gold pieces
 36415 | Snake:3  | Bought a scroll of blinking for 127 gold pieces
 36585 | Snake:3  | Reached XP level 19. HP: 135/157 MP: 31/31
 36948 | Snake:4  | Entered Level 4 of the Snake Pit
 37174 | Snake:2  | Killed Saint Roka
 37386 | Snake:3  | Found Ediec's Weapon Boutique.
 37433 | Snake:3  | Noticed Nikola
 37453 | Snake:3  | Killed Nikola
 37691 | Snake:3  | Killed Roxanne
 37737 | Snake:4  | Noticed Vashnia
 38041 | Snake:4  | Identified the serpent talisman of Twilight {rElec MP-9
                  | Int+3}
 38041 | Snake:4  | Noticed Aizul
 38061 | Snake:4  | Killed Aizul
 38552 | Snake:4  | Reached skill level 19 in Maces & Flails
 39772 | Snake:4  | Killed Vashnia
 42935 | Snake:4  | Acquired 661 gold pieces
 43236 | Snake:4  | Got a serpentine rune of Zot
 43797 | Vaults:1 | Entered Level 1 of the Vaults
 44130 | D:13     | Reached XP level 20. HP: 139/167 MP: 32/32
 44936 | D:13     | Reached skill level 15 in Armour
 46283 | Vaults:1 | Found Rinuywn's Weapon Boutique.
 46737 | Vaults:2 | Elyvilon protects you from harm!
 46738 | Vaults:2 | Demolished by a vault warden

Illustrated notes

Levels and vault maps discovered:
D:1:      lemuel_arrival_behind_the_door_large, layout_rooms,
          shapermc_ecumenical_altar_mp_ritualfount, nicolae_titane
D:2:      layout_basic, uniq_natasha
D:3:      kennysheep_big_flooded_room, layout_loops_cross,
          overflow_temple_1_default, amcnicky_altar_gilded, lemuel_round_altar
D:4:      layout_layer_cave
D:5:      layout_loops_ring, minmay_temple_entry_nine_rooms, serial_shops, shop,
          nicolae_shop_just_a_little_nook, shop, nicolae_shop_back_alley_shop,
          shop, minmay_misc_feat_hallway
D:6:      layout_rooms, minmay_statues_item, serial_park_tiny_pond,
          serial_library_hellmonk_metal_room, uniq_prince_ribbit1
D:7:      layout_gridville, nicolae_ashenzari_panopticon,
          mainiacjoe_overflow_24_doors, serial_shops,
          nicolae_shop_pleasant_corner_grove, uniq_menkaure
D:8:      layout_loops_ring, old_standard_altar,
          mainiacjoe_overflow_large_starburst, serial_shops, shop,
          bh_walls_and_bars, uniq_psyche
D:9:      layout_cave_pools, lemuel_doored_altar,
          grunt_temple_overflow_cloverleaf, serial_shops, shop
D:10:     layout_irregular_city, erik_lair_island, uniq_joseph
D:11:     layout_roguey, kennysheep_orc_monster_closet_entryway, minivault_16
D:12:     layout_rooms
D:13:     minmay_the_grid_square_5x5_5x5 [minmay_the_grid_square_5x5_n_small,
          minmay_the_grid_square_5x5_tetrominoes, minmay_the_grid_square_5x5_z,
          minmay_the_grid_square_5x5_beaten_path,
          minmay_the_grid_square_5x5_tri_point, minmay_the_grid_square_5x5_comb,
          minmay_the_grid_square_5x5_prize_waves,
          minmay_the_grid_square_5x5_seven,
          minmay_the_grid_square_5x5_prize_gold,
          minmay_the_grid_square_5x5_broken_cross,
          minmay_the_grid_square_5x5_gyroscope,
          minmay_the_grid_square_5x5_spiral,
          minmay_the_grid_square_5x5_prize_pseudospiral,
          minmay_the_grid_square_5x5_checkered_statues,
          minmay_the_grid_square_5x5_three_walls,
          minmay_the_grid_square_5x5_pentomino_r,
          minmay_the_grid_square_5x5_prize_junk,
          minmay_the_grid_square_5x5_inset,
          minmay_the_grid_square_5x5_prize_open,
          minmay_the_grid_square_5x5_inner_i,
          minmay_the_grid_square_5x5_sharp_hourglass,
          minmay_the_grid_square_5x5_v, minmay_the_grid_square_5x5_tie,
          minmay_the_grid_square_5x5_shrine2,
          minmay_the_grid_square_5x5_checkered_sparse], layout_basic,
          david_vaults_3, minmay_crystal_room
D:14:     layout_basic, serial_shops, shop, gammafunk_ghost_necromancy,
          nicolae_ru_sacrificial_ziggurat
D:15:     hangedman_depths_entry_try_elsewhere_first, layout_loops_ring
Temple:   hellmonk_temple_forest_ring
Lair:1:   layout_small_grid, chequers_serial_rivers_marsh, uniq_erica
Lair:2:   layout_small_grid, gammafunk_ghost_hive, tgw_fedhas
Lair:3:   layout_regular_city, palyth_hydra_swamp_entry,
          minmay_snake_entry_six_corridors, serial_forest,
          infiniplex_forest_lined_corner, infiniplex_forest_clump_large,
          infiniplex_forest_clump_double, infiniplex_forest_straight_2,
          infiniplex_forest_zigzag_1, hibernation_bobbens, grunt_megastairs_4
Lair:4:   layout_hall_layers, serial_bayou_shore_b
Lair:5:   wormcave, layout_cave_pods, hangedman_lair_caniforms_friends,
          slime_entry_1, serial_bayou_shore_a
Swamp:1:  layout_basic_swamp, evilmike_swamp_ruin_rubble_2,
          infiniplex_staircase_pool
Swamp:2:  layout_basic_swamp, gammafunk_ghost_wrathful_warriors,
          evilmike_swamp_ruin_house_1
Swamp:3:  nicolae_swamp_flooded_prison, layout_falls_marsh,
          hangedman_swamp_ruin_wall, uniq_mara
Swamp:4:  swamp, layout_basic_swamp, gammafunk_ghost_berserking_beasts,
          swamp_pool_4, nicolae_swamp_tree_isthmus
Snake:1:  layout_layer_cave, uniq_agnes
Snake:2:  layout_misc_corridors, basic_altar
Snake:3:  layout_basic, serial_shops, shop, minmay_shoptagon, uniq_nikola,
          uniq_saint_roka, uniq_roxanne
Snake:4:  grunt_snake_rune_spirals, layout_onion_interference, uniq_vashnia,
          uniq_aizul
Orc:1:    layout_caves, nicolae_volcano_entry_vermiform
Orc:2:    grunt_orc_gardens, layout_diamond_mine, grunt_orc_garden,
          grunt_orc_garden, grunt_orc_garden, grunt_orc_garden, uniq_snorg
Vaults:1: nicolae_vaults_double_plus_1, nicolae_vaults_double_plus_3,
          nicolae_vaults_crenellated_ambush, ontoclasm_vaults_loading_screen,
          nicolae_vaults_sesquioval_fish, nicolae_vaults_hexular_roomagon,
          dpeg_vaults_monster_box, grunt_vaults_hallway_long,
          hangedman_vaults_cutoff, nicolae_vaults_yaktaur_gun_rack,
          nicolae_vaults_trapezoid_layered, nicolae_vaults_storage_closets_1,
          nicolae_vaults_closet_pinwheel_1, layout_vaults_omnicross,
          serial_shops, shop
Vaults:2: nicolae_vaults_storage_closets_2, v_misc_1,
          nicolae_vaults_closet_pinwheel_5, hangedman_vaults_capsules,
          vaults_room_guarded_vault, hangedman_vaults_impose,
          nicolae_vaults_three_branches, v_alt_pattern_2,
          ontoclasm_vaults_hangar, nicolae_vaults_double_plus_1,
          nicolae_vaults_storage_room_statues, nicolae_vaults_tetromino_Z_1,
          layout_vaults_ring, serial_shops, bzr_entry_gold

Skill      XL: |  1  2  3  4  5  6  7  8  9 10 11 12 13 14 15 16 17 18 19 20 |
---------------+-------------------------------------------------------------+-----
Armour         | 1 2 3 4 5 6 7 8 9 10 11 12 13 14 15 | 15.1
Fighting       | 3 4 5 6 7 8 10 12 13 14 15 16 17 | 17.6
Maces & Flails | 4 5 7 8 10 11 12 13 15 16 17 18 19 | 19.9
Invocations    | 1 2 4 5 6 8 9 10 11 12 13 15 16 17 18 | 18.2
Dodging        | 4 5 6 7 8 9 10 11 12 13 14 | 14.5
Throwing       | |  2.0

Action                     |  1- 3 |  4- 6 |  7- 9 | 10-12 | 13-15 | 16-18 | 19-21 || total
---------------------------+-------+-------+-------+-------+-------+-------+-------++-------
  Melee: Flail             |   116 |   122 |   164 |       |       |       |       ||   402
         Punch             |     3 |     1 |     3 |     6 |    22 |       |       ||    35
         Morningstar       |       |       |   149 |   591 |  1341 |       |       ||  2081
         War axe           |       |       |       |     3 |       |       |       ||     3
         Great mace        |       |       |       |       |    97 |  1893 |  1226 ||  3216
  Throw: Dart              |       |     6 |     7 |     1 |     1 |       |       ||    15
 Invoke: Heal Self         |       |       |     1 |     3 |     3 |    28 |    15 ||    50
         Divine Vigour     |       |       |       |     1 |     1 |       |       ||     2
         Heal Other        |       |       |       |     6 |     9 |    30 |       ||    45
  Evoke: Wand              |       |       |       |     4 |       |       |     4 ||     8
    Use: Scroll            |       |     1 |    10 |    10 |    10 |     7 |     7 ||    45
         Potion            |       |       |     6 |       |     1 |     5 |    11 ||    23
   Stab: Sleeping          |     1 |       |       |       |       |       |       ||     1
         Petrified         |       |       |       |       |     5 |       |       ||     5
         Invisible         |       |       |       |       |       |       |    10 ||    10
 Armour: Leather armour    |    79 |     7 |       |       |       |       |       ||    86
         Chain mail        |       |    96 |   269 |   480 |  1215 |    71 |       ||  2131
         Scale mail        |       |     4 |       |       |       |       |       ||     4
         Ring mail         |       |       |       |       |    15 |       |       ||    15
         Plate armour      |       |       |       |       |       |  1826 |  1220 ||  3046
  Dodge: Dodged            |   120 |    71 |   191 |   337 |  1046 |  1359 |   638 ||  3762
